 Dungeon Crawl Stone Soup version 0.31.0-11-ge490571c62 (webtiles) character file.

Game seed: 16962175108466349168

49 DildoBatman the Conjurer (level 4, -2/32 HPs)
             Began as a Formicid Conjurer on Feb 10, 2024.
             Slain by an adder (3 damage)
             ... on level 2 of the Dungeon.
             The game lasted 00:03:32 (1178 turns).

DildoBatman the Conjurer (Formicid Conjurer)        Turns: 1178, Time: 00:03:33

Health: -2/32      AC:  2    Str: 12    XL:     4   Next: 1%
Magic:  7/8        EV: 12    Int: 19    God:
Gold:   90         SH:  0    Dex: 12    Spells: 5/8 levels left

rFire   . . .        g - +1 dagger (drain)
rCold   . . .        (no shield)
rNeg    . . .        a - +0 robe
rPois   .            (helmet unavailable)
rElec   .            (no cloak)
rCorr   .            (no gloves)
SInv    +            (no boots)
Will    .....        (no amulet)
Stlth   ++           (no ring)
HPRegen 0.25/turn    (no ring)
MPRegen 0.11/turn

%: no passive effects
@: no status effects
A: permanent stasis, dig shafts and tunnels, antennae 3, four strong arms
a: Dig, Shaft Self


You were on level 2 of the Dungeon.
You visited 1 branch of the dungeon, and saw 2 of its levels.

You collected 90 gold pieces.

Inventory:

Hand Weapons
 g - a +1 dagger of draining (weapon)
Missiles
 e - 12 stones
Armour
 a - a +0 robe (worn)
Scrolls
 h - a scroll of immolation {unknown}
 k - a scroll of acquirement {unknown}
 l - a scroll of identify {unknown}
Potions
 b - a potion of magic
 c - a potion of attraction {unknown}
 d - a potion of berserk rage {unknown}
 f - 2 potions of enlightenment {unknown}
 i - a potion of haste {unknown}
 j - a potion of mutation {unknown}


   Skills:
 + Level 1.2 Fighting
 + Level 1.2 Armour
 - Level 2.0 Dodging
 - Level 3.0 Stealth
 + Level 2.7 Spellcasting
 + Level 3.8 Conjurations


You had 5 spell levels left.
You knew the following spells:

 Your Spells              Type           Power      Damage    Failure   Level
a - Searing Ray           Conj           34%        2d5       4%          2
c - Magic Dart            Conj           68%        1d6       3%          1

Your spell library contained the following spells:

 Spells                   Type           Power      Damage    Failure   Level
 Sting                    Conj/Alch      36%        1d5       7%          1
 Apportation              Tloc           4%         N/A       16%         1
 Necrotise                Necr           8%         1d4       16%         1
 Summon Small Mammal      Summ           8%         N/A       16%         1
 Fulminant Prism          Conj/Alch      4%         3d5       56%         4
 Iskenderun's Mystic Bla  Conj/Tloc      9%         2d4       56%         4


Dungeon Overview and Level Annotations

Branches:
Dungeon (2/15)

Altars:

Annotations:
D:2 Terence


Innate Abilities, Weirdness & Mutations

You cannot be hasted, slowed, berserked, paralysed or teleported.
You can dig through walls and to a lower floor.
You have a pair of large antennae on your head. (SInv)
Your four strong arms can wield two-handed weapons with a shield.


Message History

t - Shout!
Orders for allies: a - Attack new target. r - Retreat! s - Stop attacking. g - Guard the area. f - Follow me.
Anything else - Cancel.
You shout for attention!
You feel sick. The adder bites you. The goblin barely misses you.
What are your orders? t - Shout!
Orders for allies: a - Attack new target. r - Retreat! s - Stop attacking. g - Guard the area. f - Follow me.
Anything else - Cancel.
You shout for attention!
You feel sick. The adder barely misses you. The goblin misses you.
What are your orders? t - Shout!
Orders for allies: a - Attack new target. r - Retreat! s - Stop attacking. g - Guard the area. f - Follow me.
Anything else - Cancel.
You shout for attention!
You feel sick. The adder closely misses you. The goblin closely misses you.
What are your orders? t - Shout!
Orders for allies: a - Attack new target. r - Retreat! s - Stop attacking. g - Guard the area. f - Follow me.
Anything else - Cancel.
You shout for attention!
You feel sick.
You are no longer poisoned.
The adder bites you.
You die...

### #.# #..
##############.######.#.
.............#..@!......
############.#.gS.....#.
#.............
#..#......#...
#..####......# #...
,.#..... #.## .#..†.. #.
....... .. {


You could see an adder and a goblin.

Vanquished Creatures
  2 adders (D:2)
  2 endoplasms (D:1)
  A giant cockroach (D:2)
  5 goblins
  2 hobgoblins (D:1)
  A quokka (D:1)
  6 ball pythons
  4 bats
  7 frilled lizards
  2 kobolds (D:1)
  3 rats
35 creatures vanquished.

Notes
Turn   | Place    | Note
-------+----------+-------------------------------------------
     0 | D:1      | DildoBatman the Formicid Conjurer began the quest for the
                  | Orb.
     0 | D:1      | Reached XP level 1. HP: 13/13 MP: 3/3
   268 | D:1      | Reached XP level 2. HP: 20/20 MP: 1/5
   287 | D:1      | Learned a level 2 spell: Searing Ray
   405 | D:1      | Reached XP level 3. HP: 19/25 MP: 6/6
   422 | D:1      | Reached skill level 1 in Fighting
   568 | D:1      | Reached skill level 1 in Armour
   746 | D:2      | Noticed Terence
  1149 | D:2      | Reached XP level 4. HP: 32/32 MP: 4/8
  1178 | D:2      | HP: 1/32 [poisoned by an adder]
  1178 | D:2      | Slain by an adder

Illustrated notes

Levels and vault maps discovered:
D:1:      lightli_arrival_isolated_outpost, layout_rooms
D:2:      layout_basic, uniq_terence

Skill      XL: |  1  2  3 |
---------------+----------+-----
Dodging        | 2 |  2.0
Fighting       | 1 |  1.2
Armour         | 1 |  1.2
Stealth        | 3 |  3.0
Spellcasting   | |  2.7
Conjurations   | |  3.8

Action                     |  1- 3 |  4- 6 || total
---------------------------+-------+-------++-------
  Melee: Dagger            |    32 |       ||    32
   Cast: Magic Dart        |    43 |       ||    43
 Armour: Robe              |     9 |    23 ||    32
  Dodge: Dodged            |    17 |    31 ||    48
